 Dungeon Crawl Stone Soup version 0.17-a0-896-g249456b (console) character file.

32844 Fusha the Warrior (level 13, -1/126 HPs)
             Began as a Minotaur Chaos Knight on May 1, 2015.
             Killed from afar by a smoke demon (5 damage)
             ... with a ball of steam
             ... on level 1 of the Abyss.
             The game lasted 01:26:24 (22004 turns).

Fusha the Warrior (Minotaur Chaos Knight)          Turns: 22004, Time: 01:26:24

Health: -1/126     AC: 21    Str: 21    XL:     13   Next: 33%
Magic:  12/12      EV: 17    Int:  7    God:    Xom [.*....]
Gold:   554        SH:  0    Dex: 14    Spells: 0 memorised, 12 levels left

rFire  . . .     SeeInvis .     V - +4 bardiche (chaos) {god gift}
rCold  . . .     Clarity  +     W - +2 scale mail of Wasted Space {rPois rN+ Stlth-}
rNeg   + . .     SustAb   .     (no shield)
rPois  +         Gourm    .     (helmet restricted)
rElec  .         Spirit   .     t - +2 cloak
rCorr  .         Warding  .     L - +2 pair of gloves {archery}
rMut   .         Stasis   .     B - +2 pair of boots (curse)
MR     .....                    Q - amulet of clarity
Stlth  ..........               (no ring)
                                Y - +3 ring of dexterity

@: not resistant to hostile enchantments, extremely unstealthy
A: retaliatory headbutt, horns 2, blurry vision 3, dopey 1, slow healing 1, spit
poison 1
a: Spit Poison, Renounce Religion


You were on level 1 of the Abyss.
You worshipped Xom.
You were a plaything of Xom.
You were not hungry.

You visited 3 branches of the dungeon, and saw 16 of its levels.
You visited the Abyss 1 time.
You also visited: Sewer.

You collected 1007 gold pieces.
You spent 405 gold pieces at shops.

Inventory:

Hand weapons
 a - a +0 spear of chaos
 x - a +4 halberd of chaos
 V - a +4 bardiche of chaos (weapon) {god gift}
Missiles
 h - 9 javelins (quivered)
Armour
 b - a +2 leather armour
 t - a +2 cloak (worn)
 v - the +0 robe of the Wilderness {+Inv rC- Str+4 Int+5}
   (You found it on level 4 of the Dungeon)

   It affects your strength (+4).
   It affects your intelligence (+5).
   It makes you vulnerable to cold.
   It lets you turn invisible.
 B - a cursed +2 pair of boots (worn)
 L - a +2 pair of gloves of archery (worn)
 W - the +2 scale mail of Wasted Space (worn) {rPois rN+ Stlth-}
   (You bought it in a shop on level 4 of the Dungeon)

   It protects you from poison.
   It protects you from negative energy.
   It makes you less stealthy.
Jewellery
 A - an uncursed amulet of warding
 Q - an amulet of clarity (around neck)
 Y - a +3 ring of dexterity (left hand)
Magical devices
 d - a wand of fire (3)
 e - a wand of polymorph (12)
 n - a wand of polymorph (14)
 s - a wand of paralysis (7)
 F - a wand of fireball (12)
 H - a wand of fireball (5)
 I - a wand of magic darts (11)
 P - a wand of random effects (26)
 R - a wand of flame (12)
 S - a wand of paralysis (8)
 U - a wand of random effects (5)
 X - a wand of confusion (32)
Scrolls
 i - 8 scrolls of remove curse
 j - 3 scrolls of amnesia {unknown}
 k - 3 scrolls of fear {unknown}
 m - 3 scrolls of blinking {unknown}
 o - 2 scrolls of recharging
 p - 5 scrolls of teleportation
 y - 3 scrolls of magic mapping {unknown}
 z - 4 scrolls of random uselessness {unknown}
 T - a scroll of fog {unknown}
 Z - a scroll of silence {unknown}
Potions
 c - a potion of resistance {unknown}
 f - a potion of mutation
 g - 2 potions of cure mutation {unknown}
 u - a potion of haste
 D - 3 potions of flight {unknown}
 E - 2 potions of might
 G - a potion of ambrosia {unknown}
 K - a potion of cancellation
 M - a potion of berserk rage {unknown}
 N - 2 potions of invisibility {unknown}
Miscellaneous
 O - a phial of floods (inert)
Comestibles
 l - 18 meat rations
 J - 3 bread rations


   Skills:
 * Level 15.1 Fighting
 * Level 14.9 Polearms
 * Level 10.9 Armour
 + Level 12.0 Dodging


You had 12 spell levels left.
You didn't know any spells.

Dungeon Overview and Level Annotations

Branches:
Dungeon (10/15) Temple (0/1) D:4 D:5 Lair (5/8) D:10 Swamp (1/4) Lair:4 Orc (0/4) D:9 Snake: Lair:3-6 Spider: Lair:3-6

Altars:
Ashenzari
Kikubaaqudgha
Makhleb
Nemelex Xobeh
Okawaru
Qazlal
Sif Muna
Trog
Xom
Yredelemnul
The Shining One

Shops:
D:4 [   D:5 %   D:9 (

Annotations:
D:1 potion behind rock
Swamp:1 Louise


Innate Abilities, Weirdness & Mutations

You reflexively headbutt those who attack you in melee.
You have a pair of horns on your head.
Scrolls take you much longer to read.
You are dopey. (Int -2)
You heal slowly when monsters are visible.
You can spit weak poison.


Message History

The smoke demon moves out of view.
Xom notices you.
You feel momentarily confused.
You are now a plaything of Xom.
The smoke demon gestures at you. Something smites you!
* * * LOW HITPOINT WARNING * * *
Drink which item? (? for menu, Esc to quit)
Okay, then.
Evoke which item? (* to show all) (? for menu, Esc to quit)
Okay, then.
You slash the wight!
The wight seems to slow down.
You headbutt the wight.
You destroy the wight!
You hear a splash. x2
You almost hear Xom's maniacal laughter.
Your skin tingles.
The smoke demon gestures at you. The ball of steam hits you!
You die...
Xom yawns loudly!

# ... ..#. #.#.
.#.## # #....##....
.. #......#..♣...#
......≈≈.#..##
##.##≈.≈≈≈≈#...##
.......≈≈≈.≈.≈≈#.#.
.#...≈.§§@.≈≈≈.≈.≈..
#.....3♣♣♣).≈≈≈≈#.#.
##≈.. ♣♣♣...≈≈≈....
..##.♣♣...........#
#♣ ##.......≈..≈≈#
.#≈♣z..####..≈≈. ...
##..# ##≈≈#
###...##... ≈).
..#.. .#.# )#


There were no monsters in sight!

Vanquished Creatures
  A ghost crab (Swamp:1)
  A hydra (Swamp:1)
  2 alligators (Swamp:1)
  The ghost of trelanon the Slicer, an experienced VSBe of Trog (D:8)
  An unseen horror (D:10)
  Pikel (D:9)
  A hill giant (D:10)
  A griffon (Lair:3)
  A hornet (Swamp:1)
  A black mamba (Lair:1)
  2 sixfirhies
  A smoke demon (Abyss:1)
  A torpor snail (Lair:3)
  An orange crystal statue (D:9)
  14 spiny frogs
  9 komodo dragons
  2 trolls (D:9)
  3 giant leeches (Swamp:1)
  A blue devil (Lair:3)
  2 ravens (Swamp:1)
  4 bog bodies (Swamp:1)
  9 blink frogs
  2 wraiths (D:8)
  A wyvern (D:9)
  A hog (D:7)
  18 yaks
  A human (D:7)
  A spriggan (Swamp:1)
  A hungry ghost (D:9)
  4 wolves
  4 hippogriffs
  4 basilisks
  A fire bat (D:8)
  10 swamp worms
  A water moccasin (shapeshifter) (Swamp:1)
  8 water moccasins
  10 porcupines
  2 sky beasts
  An ice beast (D:6)
  3 slaves
  7 necrophages
  5 orc warriors
  2 black bears
  An eye of draining (shapeshifter) (Swamp:1)
  4 phantoms
  A wasp (Swamp:1)
  6 crocodiles
  17 giant frogs
  3 ogres
  2 elf zombies (D:8)
  Blork the orc (D:5)
  5 scorpions
  16 killer bees
  2 centaur zombies
  An electric eel (Lair:4)
  4 crimson imps
  3 hounds
  5 wights
  A centaur skeleton (D:7)
  3 giant frog zombies
  3 human zombies (D:8)
  2 jellies
  4 orc priests
  7 worker ants
  5 iron imps
  A human skeleton (D:8)
  2 quasits (Lair:2)
  2 giant frog skeletons (D:9)
  11 iguanas
  4 orc wizards
  27 sheep
  An ogre zombie (D:8)
  A mummy (D:8)
  6 gnolls (D:4)
  33 river rats
  3 shadow imps
  11 adders
  4 white imps
  2 ufetubi
  16 oozes (Sewer)
  2 adder skeletons
  2 adder zombies
  2 worms (D:4)
  9 giant geckos
  28 orcs
  6 ball pythons
  12 bats
  16 giant cockroaches
  17 goblins
  13 hobgoblins
  3 quokkas
  2 giant gecko skeletons
  14 giant newts
  A goblin (shapeshifter) (D:8)
  12 jackals
  18 kobolds
  A quokka zombie (D:6)
  21 rats
546 creatures vanquished.

Vanquished Creatures (collateral kills)
  A hill giant (D:10)
  An orc wizard (D:8)
  An orc (D:10)
3 creatures vanquished.

Vanquished Creatures (others)
  An alligator (Swamp:1)
  A human (D:10)
  A centaur (D:7)
  2 crimson imps (D:10)
  A quasit (D:10)
  2 iron imps (D:10)
  2 shadow imps (Lair:1)
  A white imp (D:10)
  2 ufetubi (D:10)
  An orc (D:4)
  A hobgoblin (D:4)
  A kobold (D:4)
  A giant newt (D:4)
  A giant spore (D:10)
  A goblin (D:4)
  4 fungi
  2 plants
25 creatures vanquished.

Grand Total: 574 creatures vanquished

Notes
Turn   | Place    | Note
--------------------------------------------------------------
     0 | D:1      | Fusha, the Minotaur Chaos Knight, began the quest for the Orb.
     0 | D:1      | Reached XP level 1. HP: 19/19 MP: 0/0
    21 | D:1      | XOM: silly message
    59 | D:1      | Reached XP level 2. HP: 27/27 MP: 1/1
    99 | D:1      | Reached skill level 4 in Fighting
   444 | D:1      | XOM: harmless Tloc miscast
   505 | D:1      | XOM: silly message
   604 | D:1      | Reached XP level 3. HP: 33/33 MP: 2/2
  1031 | D:2      | XOM: noise
  1535 | D:2      | Found a glowing golden altar of the Shining One.
  1635 | D:2      | Reached XP level 4. HP: 41/41 MP: 3/3
  1670 | D:3      | XOM: medium Tloc miscast
  1777 | D:3      | XOM: scenery: 1 doors close
  1897 | D:3      | XOM: harmless Necr miscast
  2038 | D:3      | XOM: divination: detect items
  2521 | D:4      | HP: 1/41 [iguana (9)]
  2527 | D:4      | Reached skill level 5 in Fighting
  2537 | D:4      | XOM: god gift: scroll labeled DAOHAN ROL
  2617 | D:4      | XOM: noise
  2796 | D:4      | Got a heavily jewelled robe
  2807 | D:4      | Identified the cursed +0 robe of the Wilderness {+Inv rC- Str+4 Int+5} (You found it on level 4 of the Dungeon)
  2814 | D:4      | Found a glowing drain.
  2834 | D:4      | Found a staircase to the Ecumenical Temple.
  2834 | D:4      | XOM: 8-stop teleportation journey
  2851 | D:4      | Reached XP level 5. HP: 35/48 MP: 4/4
  2930 | Sewer    | Entered a sewer
  3188 | Sewer    | Reached skill level 5 in Polearms
  3235 | Sewer    | XOM: 5-stop teleportation journey
  3260 | Sewer    | XOM: silly message
  3268 | Sewer    | XOM: silly message
  3509 | Sewer    | XOM: confuse monster(s)
  3531 | Sewer    | Reached XP level 6. HP: 49/57 MP: 5/5
  3583 | Sewer    | Reached skill level 6 in Fighting
  3630 | Sewer    | XOM: noise
  3814 | Sewer    | XOM: give mutations
  3814 | Sewer    | Gained mutation: Armour fits poorly on your strangely shaped body. [Xom's mischief]
  3814 | Sewer    | Gained mutation: You are dopey. (Int -2) [Xom's mischief]
  3814 | Sewer    | Gained mutation: You are frail (-10% HP). [Xom's mischief]
  3814 | Sewer    | Gained mutation: Scrolls take you a little longer to read. [Xom's mischief]
  4056 | D:4      | Found Hettos's Antique Armour Boutique.
  4061 | D:4      | XOM: blink monster(s)
  4066 | D:4      | Reached XP level 7. HP: 43/57 MP: 6/6
  4316 | D:4      | XOM: colour smoke trail
  4375 | D:4      | Reached skill level 7 in Fighting
  4375 | D:4      | Reached skill level 5 in Dodging
  4703 | D:4      | XOM: enchant monster (bad)
  4706 | D:4      | XOM: give mutations
  4706 | D:4      | Lost mutation: You are frail (-10% HP). [Xom's mischief]
  4706 | D:4      | Gained mutation: Scrolls take you longer to read. [Xom's mischief]
  4744 | D:4      | XOM: harmless Conj miscast
  4884 | D:4      | XOM: 1-stop teleportation journey
  4966 | D:4      | XOM: chaos upgrade
  4999 | D:4      | Bought a pair of embroidered boots for 135 gold pieces
  5154 | D:4      | XOM: destruction
  5314 | D:5      | Entered Level 5 of the Dungeon
  5346 | D:5      | Noticed Blork the orc
  5348 | D:5      | XOM: potion effect (brilliance)
  5354 | D:5      | Killed Blork the orc
  5556 | D:5      | Reached XP level 8. HP: 72/74 MP: 7/7
  5623 | D:5      | Found a burning altar of Makhleb.
  5623 | D:5      | XOM: potion effect (might)
  5808 | D:5      | XOM: harmless Divn miscast
  5809 | D:5      | Reached skill level 8 in Fighting
  5830 | D:5      | Found a staircase to the Ecumenical Temple.
  5865 | D:5      | Found Joidig's Food Boutique.
  5923 | D:6      | XOM: harmless Pois miscast
  6187 | D:6      | Found an iron altar of Okawaru.
  6344 | D:6      | XOM: mild Trmt miscast
  6526 | D:6      | XOM: give mutations
  6526 | D:6      | Gained mutation: You are clumsy. (Dex -2) [Xom's mischief]
  6526 | D:6      | Lost mutation: Armour fits poorly on your strangely shaped body. [Xom's mischief]
  6536 | D:6      | Reached skill level 9 in Fighting
  7065 | D:6      | XOM: summons 3 hostile shadow creatures
  7351 | D:7      | XOM: fake destruction
  7354 | D:7      | XOM: chaos cloud
  7356 | D:7      | Reached XP level 9. HP: 78/83 MP: 8/8
  7376 | D:7      | XOM: silly message
  7398 | D:7      | Found a bloodstained altar of Trog.
  7433 | D:7      | Found a stormy altar of Qazlal.
  7474 | D:7      | XOM: give mutations
  7474 | D:7      | Gained mutation: You are very dopey. (Int -4) [Xom's mischief]
  7474 | D:7      | Gained mutation: You are weak. (Str -2) [Xom's mischief]
  7474 | D:7      | Gained mutation: You evolve. [Xom's mischief]
  7795 | D:7      | XOM: colour smoke trail
  7866 | D:7      | XOM: mild Tloc miscast
  7901 | D:7      | XOM: stat loss: -1 Dex (7/8)
  7979 | D:7      | Found a shattered altar of Ashenzari.
  7980 | D:7      | Found a deep blue altar of Sif Muna.
  8058 | D:8      | XOM: 2-stop teleportation journey
  8066 | D:8      | Noticed trelanon's ghost (experienced VSBe)
  8069 | D:8      | XOM: polymorph orc priest -> giant frog
  8071 | D:8      | XOM: 2-stop teleportation journey
  8078 | D:8      | Reached skill level 10 in Fighting
  8099 | D:8      | XOM: enchant monster (good)
  8136 | D:8      | Killed trelanon's ghost
  8136 | D:8      | Reached skill level 10 in Polearms
  8504 | D:8      | Found a basalt altar of Yredelemnul.
  8530 | D:8      | Reached XP level 10. HP: 61/94 MP: 9/9
  8608 | D:8      | XOM: god gift: beef jerky
  9003 | D:8      | Found a sparkling altar of Nemelex Xobeh.
  9341 | D:9      | XOM: divination: detect items
  9348 | D:9      | Reached skill level 11 in Fighting
  9528 | D:9      | Lost mutation: You are clumsy. (Dex -2) [evolution]
  9550 | D:9      | Found Vaqu's Antique Weapon Boutique.
  9573 | D:9      | Found a staircase to the Orcish Mines.
  9661 | D:9      | Noticed Pikel
  9663 | D:9      | XOM: divination: detect items
  9664 | D:9      | XOM: 8-stop teleportation journey
  9678 | D:9      | XOM: enchant monster (good)
  9855 | D:9      | XOM: colour smoke trail
 10023 | D:9      | XOM: mild Pois miscast
 10209 | D:9      | XOM: potion effect (magic)
 10216 | D:9      | Reached skill level 10 in Dodging
 10361 | D:8      | XOM: confuse monster(s)
 10489 | D:8      | XOM: god gift: 48 gold pieces
 10513 | D:9      | Killed Pikel
 10686 | D:9      | XOM: potion effect (might)
 10854 | D:8      | XOM: god gift: glowing bardiche {god gift}
 10895 | D:8      | Lost mutation: You are very dopey. (Int -4) [evolution]
 11014 | D:4      | Bought a faintly humming scale mail for 270 gold pieces
 11024 | D:4      | Identified the +2 scale mail of Wasted Space {rPois rN+ Stlth-} (You bought it in a shop on level 4 of the Dungeon)
 11046 | D:4      | XOM: colour smoke trail
 11189 | D:10     | Entered Level 10 of the Dungeon
 11218 | D:10     | Noticed a hill giant
 11218 | D:10     | XOM: summons 6 friendly demons
 11236 | D:10     | Killed a hill giant
 11236 | D:10     | Reached skill level 12 in Fighting
 11247 | D:10     | XOM: snakes to sticks
 11599 | D:10     | Noticed a hill giant
 11602 | D:10     | XOM: summons 7 friendly demons
 11606 | D:10     | Killed a hill giant
 11606 | D:10     | Reached XP level 11. HP: 104/104 MP: 10/10
 11744 | D:10     | XOM: vitrification
 11820 | D:10     | XOM: divination: magic mapping
 12039 | D:10     | Found a staircase to the Lair.
 12184 | D:10     | Found an ancient bone altar of Kikubaaqudgha.
 12305 | D:10     | Killed an unseen horror
 12503 | D:10     | XOM: fog
 12631 | Lair:1   | Entered Level 1 of the Lair of Beasts
 12939 | Lair:1   | Reached skill level 5 in Armour
 13017 | Lair:1   | XOM: 2-stop teleportation journey
 13184 | Lair:1   | XOM: summons friendly shadow imp
 13192 | Lair:1   | XOM: summons friendly shadow imp
 13291 | Lair:1   | XOM: cast spell 'Statue Form'
 13418 | Lair:1   | XOM: 1-stop teleportation journey
 13445 | Lair:1   | Lost mutation: You evolve. [helix card]
 13446 | Lair:1   | Lost mutation: You are dopey. (Int -2) [helix card]
 13446 | Lair:1   | Gained mutation: You heal slowly when monsters are visible. [helix card]
 13802 | Lair:1   | XOM: harmless Summ miscast
 13859 | Lair:1   | XOM: silly message
 13861 | Lair:1   | XOM: swap monsters
 13864 | Lair:1   | Reached skill level 13 in Fighting
 13896 | Lair:1   | XOM: medium Ice miscast
 13915 | Lair:1   | XOM: summons friendly iron imp
 13984 | Lair:1   | XOM: god gift: viscous orange potion
 13991 | Lair:1   | XOM: god gift: potion of curing
 14410 | Lair:2   | XOM: god gift: 5 meat rations
 14415 | Lair:2   | XOM: colour smoke trail
 14535 | Lair:2   | XOM: 2-stop teleportation journey
 14659 | Lair:2   | XOM: vitrification
 14683 | Lair:2   | XOM: silly message
 14774 | Lair:2   | XOM: colour smoke trail
 15057 | Lair:2   | XOM: chaos cloud
 15138 | Lair:2   | XOM: 1-stop teleportation journey
 15171 | Lair:2   | Reached XP level 12. HP: 115/115 MP: 11/11
 15274 | Lair:2   | XOM: summons 6 hostile demons
 15686 | Lair:2   | XOM: torment (44/115 hp)
 16136 | Lair:3   | XOM: summons 6 hostile demons
 16145 | Lair:3   | XOM: fog
 16152 | Lair:3   | XOM: give mutation
 16152 | Lair:3   | Gained mutation: Scrolls take you much longer to read. [Xom's mischief]
 16205 | Lair:3   | XOM: give mutations
 16205 | Lair:3   | Lost mutation: You are weak. (Str -2) [Xom's mischief]
 16205 | Lair:3   | Gained mutation: You can spit weak poison. [Xom's mischief]
 16211 | Lair:3   | XOM: mild Hex miscast
 16226 | Lair:3   | XOM: give mutation
 16226 | Lair:3   | Gained mutation: You are dopey. (Int -2) [Xom's mischief]
 16482 | Lair:3   | XOM: 1-stop teleportation journey
 16670 | Lair:3   | XOM: silly message
 16725 | Lair:2   | XOM: divination: detect creatures
 16834 | Lair:2   | Reached skill level 14 in Fighting
 17045 | Lair:3   | XOM: potion effect (invisibility)
 17067 | Lair:3   | XOM: harmless Tloc miscast
 17106 | Lair:3   | XOM: divination: detect creatures
 17327 | Lair:3   | XOM: harmless Summ miscast
 17580 | Lair:3   | XOM: scenery: create altars
 17679 | Lair:3   | XOM: harmless Chrm miscast
 18098 | Lair:4   | XOM: noise
 18144 | Lair:4   | XOM: colour smoke trail
 18522 | Lair:4   | XOM: harmless Hex miscast
 18910 | Lair:4   | Found a staircase to the Swamp.
 18968 | Lair:4   | XOM: harmless Erth miscast
 19183 | Lair:4   | XOM: summons 6 hostile demons
 19269 | Lair:4   | Reached skill level 10 in Armour
 19283 | Lair:4   | XOM: medium Divn miscast
 19544 | Lair:4   | XOM: enchant monster (bad)
 19721 | Lair:5   | Noticed a four-headed hydra
 19765 | Lair:5   | Noticed a storm dragon
 19765 | Lair:5   | a four-headed hydra changed into a storm dragon
 19765 | Lair:5   | XOM: polymorph four-headed hydra -> storm dragon
 19864 | Lair:4   | XOM: harmless Pois miscast
 20010 | Swamp:1  | Entered Level 1 of the Swamp
 20032 | Swamp:1  | Noticed a five-headed hydra
 20040 | Swamp:1  | XOM: repel stairs
 20058 | Swamp:1  | Reached XP level 13. HP: 21/125 MP: 12/12
 20418 | Swamp:1  | Killed a seven-headed hydra
 20684 | Swamp:1  | XOM: confuse monster(s)
 20706 | Swamp:1  | Reached skill level 15 in Fighting
 21174 | Swamp:1  | XOM: summons 1 hostile demon
 21224 | Swamp:1  | XOM: polymorph spiny frog -> komodo dragon
 21230 | Swamp:1  | XOM: enchant monster (bad)
 21415 | Swamp:1  | XOM: noise
 21634 | Swamp:1  | XOM: 1-stop teleportation journey
 21856 | Swamp:1  | Noticed Louise
 21897 | Swamp:1  | HP: 3/126 [spriggan rider/spear (14)]
 21906 | Swamp:1  | Cast into the Abyss (Louise)
 22001 | Abyss:1  | XOM: mild Divn miscast
 22001 | Abyss:1  | HP: 3/126 [smoke demon/divine providence (15)]
 22003 | Abyss:1  | XOM: harmless Trmt miscast
 22004 | Abyss:1  | Killed from afar by a smoke demon

Action                   |  1- 3 |  4- 6 |  7- 9 | 10-12 | 13-15 || total
-------------------------+-------+-------+-------+-------+-------++-------
Melee: Spear             |   139 |   270 |    70 |       |       ||   479
       Halberd           |       |       |   220 |   158 |       ||   378
       Bardiche          |       |       |       |   619 |   102 ||   721
Throw: Javelin           |       |       |    15 |     1 |       ||    16
Evoke: Deck              |       |       |     1 |    10 |       ||    11
       Wand              |       |       |       |     6 |       ||     6
       Phial of floods   |       |       |       |     1 |       ||     1
  Use: Potion            |     3 |       |     1 |     7 |     9 ||    20
       Scroll            |       |     5 |     3 |    14 |       ||    22
 Stab: Paralysed         |       |     2 |     5 |    14 |     1 ||    22
       Confused          |       |     1 |       |     3 |     1 ||     5
       Petrifying        |       |     1 |       |     1 |     1 ||     3
       Sleeping          |       |       |     1 |       |       ||     1
       Distracted        |       |       |       |     1 |       ||     1
       Invisible         |       |       |       |     2 |       ||     2
       Petrified         |       |       |       |       |     1 ||     1
  Eat: Fruit             |     3 |       |     3 |    10 |       ||    16
       Chunk             |     1 |       |       |       |       ||     1
       Bread ration      |       |     1 |     2 |     3 |     1 ||     7
       Meat ration       |       |     1 |       |       |       ||     1
       Beef jerky        |       |       |     1 |     4 |       ||     5
       Royal jelly       |       |       |     1 |       |       ||     1
       Pizza             |       |       |       |     7 |       ||     7
